 Dungeon Crawl Stone Soup version 0.31-a0-876-gfe8ebadbca (webtiles) character file.

Game seed: 10024804243400530298

56 Aneyh the Trooper (level 3, -1/24 HPs)
             Began as a Tengu Monk on Oct 13, 2023.
             Slain by a worm (5 damage)
             ... on level 2 of the Dungeon.
             The game lasted 00:01:28 (1528 turns).

Aneyh the Trooper (Tengu Monk)                      Turns: 1528, Time: 00:01:28

Health: -1/24      AC:  2    Str: 13    XL:     3   Next: 97%
Magic:  4/4        EV: 13    Int: 10    God:
Gold:   40         SH:  0    Dex: 16    Spells: 2/2 levels left

rFire   . . .        b - +6 dagger
rCold   . . .        (no shield)
rNeg    . . .        c - +0 robe
rPois   .            (helmet restricted)
rElec   .            (no cloak)
rCorr   .            (no gloves)
SInv    .            (boots unavailable)
Will    .....        (no amulet)
Stlth   +            (no ring)
HPRegen 0.24/turn    (no ring)
MPRegen 0.09/turn

%: acrobat
@: no status effects
A: beak, talons 3, acrobatic
a: no special abilities


You were on level 2 of the Dungeon.
You visited 1 branch of the dungeon, and saw 2 of its levels.

You collected 40 gold pieces.

Inventory:

Hand Weapons
 a - a +0 spear
 b - a +6 dagger (weapon)
Armour
 c - a +0 robe (worn)
 d - an orb of light
Scrolls
 e - 2 scrolls of identify {unknown}
 f - a scroll of poison {unknown}
 h - a scroll of amnesia {unknown}
 i - a scroll of immolation {unknown}
Potions
 g - a potion of curing {unknown}


   Skills:
 + Level 4.4 Fighting
 - Level 3.5 Polearms
 - Level 3.2 Dodging
 * Level 1.0 Summonings


You had 2 spell levels left.
You didn't know any spells.
Your spell library contained the following spells:

 Spells                   Type           Power      Damage    Failure   Level
 Sandblast                Erth           0%         2d4       36%         1
 Passwall                 Tmut/Erth      0%         N/A       50%         2
 Call Canine Familiar     Summ           2%         N/A       58%         3
 Sigil of Binding         Hex            0%         N/A       75%         3
 Stone Arrow              Conj/Erth      0%         3d7       75%         3
 Brom's Barrelling Bould  Conj/Erth      0%         2d3       98%         4
 Dimensional Bullseye     Hex/Tloc       0%         N/A       98%         4
 Leda's Liquefaction      Hex/Erth       0%         N/A       98%         4


Dungeon Overview and Level Annotations

Branches:
Dungeon (2/15)

Altars:

Shops:
D:1 *


Innate Abilities, Weirdness & Mutations

You have a beak for a mouth.
You have claws for feet.
You can magically evade attacks while moving or waiting.


Message History

You now have 40 gold pieces (gained 16).
Found a robe.
No target in view!
A rat comes into view.
Found a stone staircase leading down.
A rat is nearby!
A rat is nearby!
The rat completely misses you.
A rat is nearby!
You barely miss the rat. You claw the rat. You peck the rat.
You kill the rat!
Key pressed, stopping explore.
No target in view!
No target in view!
You open the door. You open the door.
There is an open door here.
There is an open door here.
You open the door.
There is an open door here.
e - 2 scrolls labelled URUIRCH VIGOL (gained 1)
A worm comes into view.
The worm misses you.
You hit the worm. Your kick misses the worm.
The worm is moderately wounded.
You barely miss the worm.
The worm is moderately wounded.
The worm bites you!
You hit the worm. Your kick misses the worm.
The worm is moderately wounded.
You hit the worm. You claw the worm.
The worm is almost dead.
The worm bites you!
* * * LOW HITPOINT WARNING * * *
You are too injured to fight recklessly!
You are too injured to fight recklessly!
You hit the worm.
The worm is almost dead.
The worm bites you.
You die...

#...# ##'##
+....#....#
#...###....#....#
#...#...........#
#.โ‰ˆ.#...........#
#.โ‰ˆ.#...........#
#.โ‰ˆ.#...........
#..ยง#.......w#
#...#......@.#
##'##.....##.#
#...#.....# ...
#.#.##....# ##.#
#.###.#....# .# #.
#.###.## + .#
##.##.# #. #.##.##
.# ##.#..#


You could see a worm.

Vanquished Creatures
  A gnoll (D:1)
  2 adders (D:2)
  A dart slug (D:1)
  A bat (D:2)
  2 endoplasms (D:1)
  A goblin (D:1)
  4 hobgoblins (D:1)
  2 jackals (D:1)
  7 kobolds (D:1)
  A quokka (D:1)
  A ball python (D:1)
  A frilled lizard (D:1)
  2 rats
26 creatures vanquished.

Notes
Turn   | Place    | Note
-------+----------+-------------------------------------------
     0 | D:1      | Aneyh the Tengu Monk began the quest for the Orb.
     0 | D:1      | Reached XP level 1. HP: 14/14 MP: 2/2
   248 | D:1      | Reached XP level 2. HP: 19/19 MP: 3/3
   366 | D:1      | Found a faded altar of an unknown god.
   366 | D:1      | Noticed an eye of devastation
   374 | D:1      | Noticed a golden eye
   374 | D:1      | Noticed a great orb of eyes
   374 | D:1      | Noticed a golden eye
   408 | D:1      | Reached skill level 4 in Fighting
   408 | D:1      | Reached XP level 3. HP: 13/24 MP: 4/4
   659 | D:1      | Found Kauk Jiu's Assorted Antiques.
  1388 | D:2      | Reached skill level 1 in Summonings
  1528 | D:2      | Slain by a worm

Illustrated notes

Levels and vault maps discovered:
D:1:      roderic_lyre, layout_loops_corners, serial_shops, shop,
          hellmonk_ecumenical_altar_watching_god
D:2:      layout_basic, grunt_decor_clamped

Skill      XL: |  1  2  3 |
---------------+----------+-----
Fighting       | 4 |  4.4
Summonings     | 1 |  1.0
Polearms       | |  3.5
Dodging        | |  3.2

Action                     || total
---------------------------++-------
  Melee: Spear             ||    10
         Dagger            ||    50
         Kick              ||     9
         Peck              ||     6
    Use: Potion            ||     1
   Stab: Sleeping          ||     1
 Armour: Robe              ||    20
  Dodge: Dodged            ||    39

Table legend: (Time is in decaauts)
 A = Elapsed time spent in this place.
 B = Non-inter-level travel time spent in this place.
 C = Inter-level travel time spent in this place.
 D = Time resting spent in this place.
 E = Time spent auto-exploring this place.
 F = Levels seen in this place.
 G = Mean time per level.
                   A        B        C        D        E       F      G
               +--------+--------+--------+--------+--------+-----+--------+
         Total |   1526 |   1486 |     40 |     36 |   1267 |   2 |  763.0 |
       Dungeon |   1526 |   1486 |     40 |     36 |   1267 |   2 |  763.0 |
               +--------+--------+--------+--------+--------+-----+--------+

Top non-repeatable levels by time:
     D:1: 1192 daAuts
     D:2: 334 daAuts
